 Dungeon Crawl Stone Soup version 0.23-a0-164-g7711e57 (webtiles) character file.

242 mhoghedin the Skirmisher (level 6, -10/39 HPs)
             Began as a Kobold Fighter on Sept 9, 2018.
             Killed by nerve-wracking pain
             ... invoked by an orc priest
              (12 damage)
             ... on level 3 of the Dungeon.
             The game lasted 00:05:03 (2711 turns).

mhoghedin the Skirmisher (Kobold Fighter)           Turns: 2711, Time: 00:05:04

Health: -10/39     AC:  3    Str: 16    XL:     6   Next: 30%
Magic:  6/6        EV: 13    Int:  9    God:
Gold:   72         SH:  9    Dex: 16    Spells: 5/5 levels left

rFire    . . .     SeeInvis .   a - +0 long sword
rCold    . . .     Gourm    .   c - +0 shield
rNeg     . . .     Faith    .   (no armour)
rPois    .         Spirit   .   (no helmet)
rElec    .         Reflect  .   (no cloak)
rCorr    .         Harm     .   j - +0 pair of gloves (curse)
MR       .....                  (no boots)
Stlth    +.........             (no amulet)
HPRegen  0.13/turn              (no ring)
MPRegen  0.10/turn              (no ring)

@: about to teleport
A: small, yellow scales 1, agile 1, carnivore
a: no special abilities


You were on level 3 of the Dungeon.
You were very full.

You visited 1 branch of the dungeon, and saw 3 of its levels.

You collected 72 gold pieces.

Inventory:

Hand Weapons
 a - a +0 long sword (weapon)
Armour
 b - a +0 scale mail
 c - a +0 shield (worn)
 j - a cursed +0 pair of gloves (worn)
   (You found it on level 1 of the Dungeon)
 l - a +0 helmet
   (You took it off Robin on level 2 of the Dungeon)
 p - a +2 ring mail of fire resistance
   (You took it off an orc on level 3 of the Dungeon)
Wands
 k - a wand of flame (26)
   (You found it on level 2 of the Dungeon)
Scrolls
 e - 3 scrolls of teleportation
 g - 3 scrolls of amnesia
 h - a scroll of immolation {unknown}
 i - a scroll of identify {unknown}
 m - a scroll of enchant armour {unknown}
Potions
 d - 5 potions of might
Comestibles
 f - 5 rations
 o - 8 chunks of flesh {@w0}


   Skills:
 + Level 4.4 Fighting
 + Level 2.6 Long Blades
 + Level 3.1 Armour
 + Level 2.8 Dodging
 + Level 3.2 Shields


You had 5 spell levels left.
You didn't know any spells.
Your spell library was empty.

Dungeon Overview and Level Annotations

Branches:
Dungeon (3/15)

Altars:


Innate Abilities, Weirdness & Mutations

You are small and have problems with some larger weapons.
You are carnivorous and can eat meat at any time.
You are partially covered in yellow scales. (AC +2)
You are agile. (Dex +2)


Message History

A magic dart appears from out of thin air!
The magic dart hits you! Something hits you.
You take 1 damage, and have 29/39 hp.
Unknown command.
You hit something. You block something's attack.
You miss something.
An orc wizard appears from thin air!
Reactivating autopickup.
A kobold comes into view. It is wielding a club.
The orc wizard casts a spell.
The orc wizard flickers and vanishes!
Deactivating autopickup; reactivate with Ctrl-A.
You miss something.
The kobold shouts!
You hear some strange, mumbled words.
A puff of flame appears from out of thin air!
The puff of flame misses you. Something hits you but does no damage.
You closely miss something. Something hits you but does no damage.
You miss something. Something hits you but does no damage.
You closely miss something.
Something hits you but does no damage. x2
You closely miss something.
You hear some strange, mumbled words.
A magic dart appears from out of thin air!
The magic dart hits you!
You take 6 damage, and have 24/39 hp.
You closely miss something. Something hits you but does no damage.
Something completely misses you.
You hit something.
Reactivating autopickup.
You feel a bit more experienced.
You hit the kobold. You block the kobold's attack.
You closely miss the kobold. You block the kobold's attack.
The kobold hits you with a club.
You take 3 damage, and have 22/39 hp.
You hit the kobold.
You kill the kobold!
Your shield and scale mail prevent you from hitting the orc.
You block the orc's attack.
Your scale mail prevents you from hitting the orc.
The orc closely misses you.
You riposte.
You hit the orc but do no damage. The orc hits you with a hand axe.
You take 4 damage, and have 19/39 hp.
You closely miss the orc. The orc hits you but does no damage.
You hit the orc. The orc barely misses you.
You riposte.
You hit the orc but do no damage. You closely miss the orc.
The orc hits you but does no damage.
You hit the orc. The orc barely misses you.
You riposte.
You hit the orc but do no damage. The orc barely misses you.
You closely miss the orc. The orc hits you but does no damage.
Your shield prevents you from hitting the orc.
The orc hits you with a hand axe.
You take 3 damage, and have 17/39 hp.
You hit the orc but do no damage. The orc hits you with a hand axe.
You block the orc's attack.
You take 5 damage, and have 12/39 hp.
Your shield and scale mail prevent you from hitting the orc.
The orc hits you but does no damage.
Your shield and scale mail prevent you from hitting the orc.
You block the orc's attack.
You hit the orc.
You kill the orc!
n - a fizzy ruby potion
Items here: )))) [[ †† You butcher the orc corpse.
o - 4 chunks of flesh {@w0}
Items here: )))) [[ ÷ † You butcher the orc corpse.
o - 8 chunks of flesh {@w0} (gained 4)
Items here: )))) [[ ÷÷ There isn't anything to butcher here.
p - a runed ring mail You start removing your armour.
You continue taking off your +0 scale mail. x4
You finish taking off your +0 scale mail.
You start putting on your armour.
You continue putting on your runed ring mail. x2
Keep equipping yourself?
You stop putting on your armour.
The orc priest mumbles some strange prayers to Beogh against you.
Beogh smites you!
* * * LOW HITPOINT WARNING * * *
You take 14 damage, and have 1/39 hp.
MASSIVE DAMAGE!!
It was a potion of mutation.
You feel extremely strange.
Yellow scales grow over part of your body.
You feel agile.
The orc priest casts a cantrip, but nothing happens.
As you read the scroll labeled AFUSAR PAOLAI, it crumbles to dust.
It is a scroll of amnesia.
You feel forgetful for a moment.
Okay, then.
Unknown command.
Okay, then.
Unknown command.
Okay, then.
Unknown command.
As you read the scroll labeled YME BODEXE, it crumbles to dust.
You feel strangely unstable.
It was a scroll of teleportation.
The orc priest calls down the wrath of Beogh upon you.
Pain shoots through your body!
You die...

################################
...........o...@...†...........<
.....#.#############..#######..
.###....## #...# ##.
#...###)####### ##..## #†
#....((........ #...# #.
#.........##?#### ##..## #.
###..♣...## .###. #...# #.
#.[♣_♣... ..... #...## #.
#.#..♣...## ..... ##...####.


You could see an orc priest.

Vanquished Creatures
  Natasha (thrice) (D:2)
  An orc wizard (D:3)
  Robin (D:2)
  5 adders
  An ooze (D:1)
  A worm (D:2)
  5 dart slugs
  2 leopard geckos
  2 orcs (D:3)
  3 giant cockroaches
  8 goblins
  11 hobgoblins
  2 jackals (D:1)
  A ball python (D:1)
  7 bats
  8 frilled lizards
  11 kobolds
  A leopard gecko skeleton (D:3)
  6 rats
79 creatures vanquished.

Notes
Turn   | Place    | Note
-------+----------+-------------------------------------------
     0 | D:1      | mhoghedin the Kobold Fighter began the quest for the Orb.
     0 | D:1      | Reached XP level 1. HP: 14/14 MP: 1/1
    55 | D:1      | HP: 2/14 [hobgoblin/club (2)]
    56 | D:1      | Reached XP level 2. HP: 3/19 MP: 2/2
   703 | D:1      | Reached skill level 1 in Dodging
   703 | D:1      | Reached XP level 3. HP: 23/23 MP: 3/3
  1270 | D:2      | Reached skill level 2 in Long Blades
  1312 | D:2      | Noticed Natasha
  1328 | D:2      | Killed Natasha
  1328 | D:2      | Reached XP level 4. HP: 17/29 MP: 4/4
  1548 | D:2      | Noticed Natasha
  1554 | D:2      | Killed Natasha
  1554 | D:2      | Reached skill level 4 in Fighting
  1554 | D:2      | Reached skill level 2 in Dodging
  1554 | D:2      | Reached XP level 5. HP: 20/33 MP: 5/5
  1678 | D:2      | Noticed Natasha
  1719 | D:2      | HP: 8/33 [Natasha (5)]
  1727 | D:2      | Killed Natasha
  1727 | D:2      | Reached skill level 3 in Armour
  1727 | D:2      | Reached skill level 3 in Shields
  2273 | D:2      | Noticed Robin
  2285 | D:2      | Killed Robin
  2498 | D:3      | Reached XP level 6. HP: 38/38 MP: 6/6
  2631 | D:3      | Found a faded altar of an unknown god.
  2706 | D:3      | HP: 1/39 [orc priest/divine providence (14)]
  2707 | D:3      | Gained mutation: You are partially covered in yellow
                  | scales. (AC +2) [potion of mutation]
  2707 | D:3      | Gained mutation: You are agile. (Dex +2) [potion of
                  | mutation]
  2711 | D:3      | Killed from afar by an orc priest

Vault maps used:
D:1:      sevenhm_arrival_forest_fort_small_3, minmay_cut_off
D:2:      uniq_natasha, uniq_robin
D:3:      chequers_ecumenical_altar_simple, first_ration, minivault_11,
          grunt_decor_clamped, kennysheep_generic_room_13

Skill      XL: |  1  2  3  4  5 |
---------------+----------------+-----
Dodging        | 1 2 |  2.8
Long Blades    | 2 |  2.6
Fighting       | 4 |  4.4
Armour         | 3 |  3.1
Shields        | 3 |  3.2

Action                   |  1- 3 |  4- 6 || total
-------------------------+-------+-------++-------
Melee: Long sword        |   129 |   188 ||   317
  Use: Scroll            |       |     2 ||     2
       Potion            |       |     1 ||     1
 Stab: Distracted        |     1 |       ||     1
  Eat: Chunk             |     6 |     7 ||    13
Armor: Scale mail        |    42 |    67 ||   109
Dodge: Dodged            |    51 |    82 ||   133
Block: Shield            |    66 |   100 ||   166
       Rpst.: Long sword |    14 |    26 ||    40

Table legend:
 A = Non-vault XP
 B = Vault XP
 C = Vault XP percentage of total XP
 D = Non-vault monster count
 E = Vault monster count
 F = Vault count percentage of total count
                 A         B        C        D         E       F
            +---------+---------+-------+---------+---------+-------
      Total |     271 |      75 |  21.7 |      63 |      16 |  20.3
            +---------+---------+-------+---------+---------+-------
        D:1 |      45 |       3 |   6.2 |      25 |       2 |   7.4
        D:2 |     149 |      71 |  32.3 |      24 |      13 |  35.1
        D:3 |      77 |       1 |   1.3 |      14 |       1 |   6.7
            +---------+---------+-------+---------+---------+-------

Vault maps used:
D:1:      sevenhm_arrival_forest_fort_small_3, minmay_cut_off
D:2:      uniq_natasha, uniq_robin
D:3:      chequers_ecumenical_altar_simple, first_ration, minivault_11,
          grunt_decor_clamped, kennysheep_generic_room_13

Table legend:
 A = Turns spent in this place as a percentage of turns spent in the entire game.
 B = Non-inter-level travel turns spent in this place as a percentage of non-inter-level travel turns spent in the entire game.
 C = Inter-level travel turns spent in this place as a percentage of turns spent in this place.
 D = Turns resting spent in this place as a percentage of non-inter-level travel turns spent in this place.
 E = Turns spent auto-exploring this place as a percentage of non-inter-level travel turns spent in this place.
 F = Non-inter-level travel turns spent in this place divided by the number of levels of this place that you've seen.
                   A       B       C       D       E      F
               +-------+-------+-------+-------+-------+----------------------
         Total | 100.0 | 100.0 |   1.2 |  50.5 |  25.9 | 893.0
       Dungeon | 100.0 | 100.0 |   1.2 |  50.5 |  25.9 | 893.0
               +-------+-------+-------+-------+-------+----------------------

Table legend:
 A = Kills in this place as a percentage of kills in entire the game.
 B = Kills by you in this place as a percentage of kills by you in the entire game.
 C = Kills by friends in this place as a percentage of kills by friends in the entire game.
 D = Other kills in this place as a percentage of other kills in the entire game.
 E = Experience gained in this place as a percentage of experience gained in the entire game.
 F = Experience gained in this place divided by the number of levels of this place that you have seen.
                   A       B       C       D       E      F
               +-------+-------+-------+-------+-------+----------------------
         Total | 100.0 | 100.0 |   N/A |   N/A | 100.0 | 115.3
       Dungeon | 100.0 | 100.0 |   N/A |   N/A | 100.0 | 115.3
               +-------+-------+-------+-------+-------+----------------------
